 Dungeon Crawl Stone Soup version 0.29-a0-82-g837932c90e (webtiles) character file.

Game seed: 6203208586677619397

636 HallandMoats the Ducker (level 7, -7/60 HPs)
             Began as a Ghoul Monk on Feb 5, 2022.
             Mangled by Duvessa (19 damage)
             ... on level 5 of the Dungeon.
             The game lasted 00:08:02 (5722 turns).

HallandMoats the Ducker (Ghoul Monk)                Turns: 5722, Time: 00:08:03

Health: -7/60      AC: 10    Str: 17    XL:     7   Next: 50%
Magic:  6/6        EV: 12    Int:  5    God:
Gold:   135        SH:  0    Dex: 11    Spells: 6/6 levels left

rFire   . . .      SeeInvis .     - Unarmed
rCold   + . .      Faith    .   (no shield)
rNeg    + + +      Spirit   .   a - +0 ring mail
rPois   ∞          Reflect  .   l - +0 helmet
rElec   .          Harm     .   r - +2 cloak
rCorr   .          Rampage  .   (no gloves)
Will    .....                   (no boots)
Stlth   +.........              (no amulet)
HPRegen 0.00/turn               (no ring)
MPRegen 0.10/turn               (no ring)

@: inhibited regen, invisible
A: claws 1, cold resistance 1, negative energy resistance 3, inhibited
regeneration, torment resistance 2
a: no special abilities


You were on level 5 of the Dungeon.
You visited 1 branch of the dungeon, and saw 5 of its levels.
You also visited: Sewer.

You collected 190 gold pieces.
You spent 55 gold pieces at shops.

Inventory:

Missiles
 w - a throwing net (quivered)
Armour
 a - a +0 ring mail (worn)
 l - a +0 helmet (worn)
 r - a +2 cloak (worn)
 y - the +4 ring mail of the Untouchables {*Slow rElec rPois rN+}
   (You found it on level 5 of the Dungeon)

   rElec:     It insulates you from electricity.
   rPois:     It protects you from poison.
   rN:        It protects you from negative energy.
   *Slow:     It may slow you when you take damage.
Jewellery
 u - a ring of wizardry
Wands
 v - a wand of digging (1)
 x - a wand of flame (20)
Scrolls
 b - 2 scrolls of enchant armour
 h - a scroll of teleportation
 i - a scroll of fog
 k - a scroll of vulnerability {unknown}
 p - a scroll of acquirement
 s - a scroll of fear
Potions
 c - a potion of ambrosia {unknown}
 d - a potion of berserk rage {unknown}
 e - 3 potions of invisibility
 f - a potion of resistance {unknown}
 g - a potion of cancellation {unknown}
 j - a potion of heal wounds
 m - 3 potions of might
 n - 2 potions of magic
 o - a potion of brilliance {unknown}
 q - a potion of haste {unknown}


   Skills:
 + Level 4.7 Fighting
 * Level 3.8 Armour
 * Level 4.9 Dodging
 - Level 2.1 Stealth
 + Level 4.8 Unarmed Combat


You had 6 spell levels left.
You didn't know any spells.
Your spell library contained the following spells:

 Spells                   Type           Power      Damage    Failure   Level
 Freeze                   Ice            0%         1d3       67%         1
 Slow                     Hex            0%         N/A       67%         1
 Confusing Touch          Hex            0%         N/A       95%         3
 Conjure Flame            Conj/Fire      0%         6-21      95%         3
 Frozen Ramparts          Ice            0%         1d2       95%         3
 Ignite Poison            Fire/Tmut/Pois 0%         N/A       95%         3
 Ozocubu's Armour         Ice            0%         N/A       95%         3
 Vampiric Draining        Necr           0%         2d6       95%         3
 Hailstorm                Conj/Ice       0%         3d3       100%        4
 Sticky Flame             Conj/Fire      0%         2d3       100%        4
 Metabolic Englaciation   Hex/Ice        0%         N/A       100%        5
 Simulacrum               Ice/Necr       0%         N/A       100%        6


Dungeon Overview and Level Annotations

Branches:
Dungeon (5/15)              Sewer (visited)
 Temple: D:4-7

Altars:
Elyvilon

Shops:
D:3 !   D:4 ?

Annotations:
D:5 Dowan, Duvessa, Eustachio, Sigmund


Innate Abilities, Weirdness & Mutations

You thrive by killing the living.
You are immune to poison.
You have sharp fingernails.
Your flesh is cold resistant. (rC+)
You are immune to negative energy. (rN+++)
You do not regenerate when monsters are visible.
You are immune to unholy pain and torment.


Message History

Duvessa hits you with a +5 short sword of electrocution.
You are electrocuted!
You strike the helpless Duvessa from behind!
You scratch Duvessa.
Duvessa is heavily wounded.
Duvessa hits you but does no damage.
You closely miss Duvessa.
Duvessa is heavily wounded.
You barely miss Duvessa.
Duvessa is heavily wounded.
Duvessa closely misses you.
You catch the helpless Duvessa completely off-guard!
You scratch Duvessa but do no damage.
Duvessa is heavily wounded.
Duvessa hits you with a +5 short sword of electrocution!
You are electrocuted!!
* * * LOW HITPOINT WARNING * * *
You scratch Duvessa.
Duvessa is heavily wounded.
Duvessa says, "Where magic fails, the sword succeeds!"
Duvessa closely misses you.
You scratch Duvessa.
Duvessa is heavily wounded.
Duvessa hits you with a +5 short sword of electrocution.
* * * LOW HITPOINT WARNING * * *
You catch the helpless Duvessa completely off-guard!
You scratch Duvessa.
Duvessa is severely wounded.
Dowan gestures at Duvessa while chanting.
The puff of flame hits Duvessa.
Duvessa says, "Where magic fails, the sword succeeds!"
Duvessa closely misses you.
You strike the helpless Duvessa from behind!
You scratch Duvessa.
Duvessa is almost dead.
Duvessa closely misses you.
You barely miss Duvessa.
Duvessa is almost dead.
Duvessa hits you but does no damage.
You are electrocuted!!
You die...

##############
#............#
#.##########.#
#.# #.#
#####.#######
#.#
....#.......#
#.#
##.##.#####.#
#@#
#.########.#
#e#
#..........#
#e#
##########.#
#.# ### #.#
#.# ... ###


You could see Duvessa and Dowan.

Vanquished Creatures
  2 ogres (D:5)
  A bullfrog zombie (D:5)
  A howler monkey (D:5)
  A gnoll shaman (D:5)
  A jelly (D:4)
  An orc wizard (D:4)
  3 gnolls (D:5)
  10 adders
  6 river rats (Sewer)
  2 worms
  3 dart slugs
  8 orcs
  13 ball pythons
  6 bats
  6 endoplasms
  4 giant cockroaches
  5 goblins
  6 hobgoblins
  6 jackals
  7 quokkas
  21 kobolds
  25 rats
138 creatures vanquished.

Notes
Turn   | Place    | Note
-------+----------+-------------------------------------------
     0 | D:1      | HallandMoats the Ghoul Monk began the quest for the Orb.
     0 | D:1      | Reached XP level 1. HP: 19/19 MP: 0/0
   521 | D:1      | Reached XP level 2. HP: 21/26 MP: 1/1
   682 | D:1      | Reached skill level 1 in Armour
   799 | D:1      | Reached XP level 3. HP: 31/31 MP: 2/2
  1691 | D:2      | Reached XP level 4. HP: 37/40 MP: 3/3
  2366 | D:3      | Found Besyiv's Distillery.
  2371 | D:3      | Bought a potion of heal wounds for 55 gold pieces
  2477 | D:3      | Found a glowing drain.
  2544 | Sewer    | Entered a sewer
  2861 | Sewer    | Reached XP level 5. HP: 46/46 MP: 4/4
  3247 | Sewer    | Reached XP level 6. HP: 33/52 MP: 5/5
  4200 | D:4      | Identified a scroll of acquirement
  4203 | D:4      | Found Nubemaph's Magic Scroll Emporium.
  4612 | D:5      | Entered Level 5 of the Dungeon
  4872 | D:5      | Reached XP level 7. HP: 60/60 MP: 6/6
  4934 | D:5      | Identified the +4 ring mail of the Untouchables {*Slow
                  | rElec rPois rN+}
  5299 | D:5      | Noticed Eustachio
  5300 | D:5      | Noticed Sigmund
  5704 | D:5      | Noticed Dowan
  5706 | D:5      | Noticed Duvessa
  5722 | D:5      | Mangled by Duvessa

Illustrated notes

Levels and vault maps discovered:
D:1:      dpeg_arrival_lava_temple_mockup, layout_loops_ring
D:2:      layout_basic
D:3:      layout_basic, portal_sewer_entry_a, serial_shops,
          nicolae_shop_hallway_plus, grunt_ministairs_8
D:4:      layout_rooms, serial_shops, shop, item_on_display_a
D:5:      layout_basic, general_overflow_altar, uniq_duvessa, uniq_sigmund,
          uniq_eustachio

Skill      XL: |  1  2  3  4  5  6 |
---------------+-------------------+-----
Dodging        | 3 4 |  4.9
Armour         | 1 2 3 |  3.8
Unarmed Combat | 4 |  4.8
Fighting       | 4 |  4.7
Stealth        | |  2.1

Action                   |  1- 3 |  4- 6 |  7- 9 || total
-------------------------+-------+-------+-------++-------
Melee: Unarmed           |   127 |   310 |    71 ||   508
       Punch             |     1 |     6 |     2 ||     9
  Use: Scroll            |       |     4 |     5 ||     9
       Potion            |       |       |     1 ||     1
 Stab: Sleeping          |       |     3 |       ||     3
       Invisible         |       |       |     4 ||     4
Armor: Ring mail         |    30 |   137 |    48 ||   215
       Leather armour    |     3 |       |       ||     3
       Robe              |     1 |       |       ||     1
Dodge: Dodged            |    80 |   212 |    75 ||   367

Table legend: (Time is in decaauts)
 A = Elapsed time spent in this place.
 B = Non-inter-level travel time spent in this place.
 C = Inter-level travel time spent in this place.
 D = Time resting spent in this place.
 E = Time spent auto-exploring this place.
 F = Levels seen in this place.
 G = Mean time per level.
                   A        B        C        D        E       F      G
               +--------+--------+--------+--------+--------+-----+--------+
         Total |   5706 |   5562 |    144 |    345 |   4110 |   6 |  951.0 |
       Dungeon |   4520 |   4376 |    144 |    345 |   3190 |   5 |  904.0 |
         Sewer |   1186 |   1186 |      0 |      0 |    919 |   1 | 1186.0 |
               +--------+--------+--------+--------+--------+-----+--------+

Top non-repeatable levels by time:
     D:1: 1388 daAuts
   Sewer: 1186 daAuts
     D:5: 1050 daAuts
     D:3: 830 daAuts
     D:2: 662 daAuts
     D:4: 588 daAuts
